 Dungeon Crawl Stone Soup version 0.32-a0-799-g95e1662365 (webtiles) character file.

Game seed: 10457720315944296276

251 warriortoast the Ducker (level 6, -5/41 HPs)
             Began as an Octopode Shapeshifter on Mar 21, 2024.
             Slain by a mummy (11 damage)
             ... in an ossuary.
             The game lasted 00:04:29 (2724 turns).

warriortoast the Ducker (Octopode Shapeshifter)     Turns: 2724, Time: 00:04:30

Health: -5/41      AC:  1    Str: 16    XL:     6   Next: 13%
Magic:  6/6        EV: 13    Int: 12    God:
Gold:   1          SH:  0    Dex: 11    Spells: 5/5 levels left

rFire   . .          .
                       - Unarmed
rCold   . . .        (no shield)
rNeg    . . .        (helmet currently unavailable)
rPois   .            (no amulet)
rElec   .            (no ring)
rCorr   .            (no ring)
SInv    .            (no ring)
Will    .....        (no ring)
Stlth   ++           (no ring)
HPRegen 0.26/turn    (no ring)
MPRegen 0.10/turn    (no ring)
                     (no ring)

%: no passive effects
@: beast-form
A: beast (slay +2), almost no armour, amphibious, 8 rings, camouflage 1,
gelatinous body 1, (nimble swimmer 1), tentacles
a: Begin Untransformation


You were in an ossuary.
You were a hulking beast.
You visited 1 branch of the dungeon, and saw 4 of its levels.
You also visited: Ossuary.

You collected 157 gold pieces.
You spent 156 gold pieces at shops.

Inventory:

Missiles
 p - 3 javelins (quivered)
Talismans
 b - a beast talisman (active)
 c - a flux talisman
Scrolls
 d - 3 scrolls of blinking {unknown}
 e - 2 scrolls of poison {unknown}
 f - 3 scrolls of teleportation
 h - 2 scrolls of vulnerability {unknown}
 j - 2 scrolls of fear
 l - 3 scrolls of enchant armour {unknown}
 m - 2 scrolls of immolation {unknown}
 o - a scroll of identify
 s - a scroll of amnesia {unknown}
 t - a scroll of fog
Potions
 a - a potion of lignification
 g - a potion of brilliance
 i - a potion of attraction
 k - a potion of heal wounds
 n - a potion of magic
 q - a potion of curing {unknown}
 r - a potion of invisibility {unknown}


   Skills:
 + Level 2.6 Fighting
 * Level 4.2 Dodging
 + Level 3.9 Unarmed Combat
 + Level 3.8 Shapeshifting


You had 5 spell levels left.
You didn't know any spells.
Your spell library contained the following spells:

 Spells                   Type           Power      Damage    Failure   Level
 Hailstorm                Conj/Ice       0%         3d5       69%         3
 Summon Ice Beast         Ice/Summ       0%         N/A       69%         3
 Permafrost Eruption      Ice/Erth       0%         2x4d2     100%        6
 Sculpt Simulacrum        Ice/Alch       0%         N/A       100%        6


Dungeon Overview and Level Annotations

Branches:
Dungeon (4/15)            Ossuary (1/1)
 Temple: D:4-7

Altars:

Shops:
D:1 ?


Innate Abilities, Weirdness & Mutations

You are a hulking beast.
Your limbs bulge with bestial killing power. (Slay +2)
You cannot wear most types of armour.
You are amphibious.
You can wear up to eight rings at the same time.
Your skin changes colour to match your surroundings (Stealth+).
Your rubbery body absorbs attacks. (AC +1, EV +1)
((You are camouflaged when in or above water. (Stealth+)))
You have tentacles for arms and can constrict up to eight enemies at once.


Message History

The mummy is almost destroyed.
You constrict the mummy.
You destroy the mummy!
There is a sand-covered staircase here.
The world spins around you as you enter the gateway.
You enter an ossuary!
Found a gate leading back out of this place.
There is an empty arch of ancient stone here.
The scorpion zombie barely misses you.
You tentacle-slap the scorpion zombie. Your grab misses the scorpion zombie.
The scorpion zombie is lightly damaged.
You tentacle-slap the scorpion zombie. You grab the scorpion zombie.
The scorpion zombie is lightly damaged.
You constrict the scorpion zombie. The scorpion zombie hits you.
The mummy barely misses you.
You bludgeon the scorpion zombie!
The scorpion zombie is heavily damaged.
You constrict the scorpion zombie. The scorpion zombie hits you.
The mummy misses you.
You tentacle-slap the scorpion zombie.
The scorpion zombie is severely damaged.
You constrict the scorpion zombie. The scorpion zombie closely misses you.
The mummy hits you!
You tentacle-slap the scorpion zombie but do no damage.
The scorpion zombie is severely damaged.
You constrict the scorpion zombie. The scorpion zombie misses you.
The mummy barely misses you. The mummy hits you!
* * * LOW HITPOINT WARNING * * *
You are too injured to fight recklessly!
You tentacle-slap the mummy. You grab the mummy.
The mummy is moderately damaged.
You constrict the scorpion zombie. You constrict the mummy.
The scorpion zombie hits you.
* * * LOW HITPOINT WARNING * * *
You tentacle-slap the mummy. You squeeze the mummy!
The mummy is almost destroyed.
You constrict the scorpion zombie.
You destroy the scorpion zombie!
You constrict the mummy. The mummy hits you!
You die...

##+##
#...#
#.∩.#
#...#
#.∩.#
##...##
#.MhM.#
#.#.#.#
#######


You could see 2 mummies.

Vanquished Creatures
  A scorpion (D:4)
  A scorpion zombie (Ossuary)
  2 orc wizards (D:3)
  A mummy (D:4)
  5 adders
  3 dart slugs
  A ribbon worm (D:2)
  13 orcs (D:3)
  7 endoplasms
  4 goblins
  4 hobgoblins
  3 jackals (D:1)
  4 ball pythons
  7 bats
  6 frilled lizards
  4 kobolds
  2 orc zombies (D:4)
  3 rats
71 creatures vanquished.

Notes
Turn   | Place    | Note
-------+----------+-------------------------------------------
     0 | D:1      | warriortoast the Octopode Shapeshifter began the quest for
                  | the Orb.
     0 | D:1      | Reached XP level 1. HP: 13/13 MP: 1/1
   151 | D:1      | Reached XP level 2. HP: 18/18 MP: 2/2
   158 | D:1      | Found a faded altar of an unknown god.
   299 | D:1      | Found Pidad's Magic Scroll Boutique.
   826 | D:1      | Bought a scroll of identify for 24 gold pieces
   826 | D:1      | Bought a scroll of teleportation for 36 gold pieces
   946 | D:2      | Reached XP level 3. HP: 23/23 MP: 3/3
  1076 | D:2      | Reached skill level 3 in Dodging
  1184 | D:2      | Reached XP level 4. HP: 21/29 MP: 4/4
  1470 | D:1      | Bought a scroll of fear for 48 gold pieces
  2053 | D:3      | Reached XP level 5. HP: 34/34 MP: 5/5
  2575 | D:1      | Bought a scroll of fog for 48 gold pieces
  2694 | D:4      | Reached skill level 4 in Dodging
  2694 | D:4      | Reached XP level 6. HP: 39/41 MP: 6/6
  2710 | D:4      | Found a sand-covered staircase.
  2715 | Ossuary  | Entered an ossuary
  2724 | Ossuary  | Slain by a mummy

Illustrated notes

Levels and vault maps discovered:
D:1:      dpeg_arrival_court, layout_basic, serial_shops,
          nicolae_shop_rolled_up, hellmonk_ecumenical_altar_zigzags
D:2:      layout_rooms, grunt_decor_one_mirror
D:3:      layout_basic
D:4:      layout_basic, nicolae_tso_swordbearing_angel,
          nicolae_sif_muna_little_library, nicolae_ossuary_entry_giza,
          serial_shops, shop, uniq_robin, uniq_grinder, uniq_menkaure
Ossuary:  ossuary_minmay_chase

Skill      XL: |  1  2  3  4  5 |
---------------+----------------+-----
Dodging        | 3 4 |  4.2
Fighting       | 2 |  2.6
Unarmed Combat | |  3.9
Shapeshifting  | |  3.8

Action                     |  1- 3 |  4- 6 || total
---------------------------+-------+-------++-------
  Melee: Unarmed           |    53 |    66 ||   119
         Constrict         |    12 |    21 ||    33
         Tentacles         |    11 |    13 ||    24
         Punch             |     1 |     2 ||     3
    Use: Scroll            |     1 |     4 ||     5
   Stab: Sleeping          |     4 |     9 ||    13
         Distracted        |     1 |       ||     1
 Armour: Skin              |    13 |    28 ||    41
  Dodge: Dodged            |    27 |    39 ||    66

Table legend: (Time is in decaauts)
 A = Elapsed time spent in this place.
 B = Non-inter-level travel time spent in this place.
 C = Inter-level travel time spent in this place.
 D = Time resting spent in this place.
 E = Time spent auto-exploring this place.
 F = Levels seen in this place.
 G = Mean time per level.
                   A        B        C        D        E       F      G
               +--------+--------+--------+--------+--------+-----+--------+
         Total |   2718 |   2331 |    387 |    100 |   1791 |   5 |  543.6 |
       Dungeon |   2709 |   2322 |    387 |    100 |   1791 |   4 |  677.2 |
       Ossuary |      8 |      8 |      0 |      0 |      0 |   1 |    8.0 |
               +--------+--------+--------+--------+--------+-----+--------+

Top non-repeatable levels by time:
     D:1: 990 daAuts
     D:3: 902 daAuts
     D:2: 753 daAuts
     D:4: 63 daAuts
 Ossuary: 8 daAuts
